 Dungeon Crawl Stone Soup version 0.13.0-11-g0187522 (webtiles) character file.

5111 M4edhros the Basher (level 10, -15/64 HPs)
             Began as an Octopode Artificer on Oct 16, 2013.
             Was an Elder of Zin.
             Demolished by a seven-headed hydra (16 damage)
             ... on Level 1 of the Lair of Beasts on Oct 18, 2013.
             The game lasted 01:13:19 (12758 turns).

M4edhros the Basher (Octopode Artificer)           Turns: 12758, Time: 01:13:35

HP -15/64        AC  1     Str 11      XL: 10   Next: 50%
MP  20/20        EV 13     Int 30      God: Zin [****..]
Gold 230         SH  0     Dex 14 (15) Spells:  2 memorised,  2 levels left

Res.Fire  : + + .   See Invis. : .   F - +6,+5 sling of Poolimao {venom, rF++ Int+3 Stlth}
Res.Cold  : + . .   Warding    : .   (no shield)
Life Prot.: . . .   Conserve   : .   (helmet restricted)
Res.Poison: .       Res.Corr.  : .   N - amulet of rage
Res.Elec. : .       Clarity    : .   n - +3 ring of dexterity
Sust.Abil.: . .     Spirit.Shd : .   E - ring of protection from cold
Res.Mut.  : .       Rnd.Telep. : +   v - +5 ring of intelligence
Res.Rott. : .       Flight     : .   R - +4 ring of intelligence
Saprovore : . . .                    k - ring of teleportation
                                     (no ring)
                                     (no ring)
                                     (no ring)

@: somewhat resistant to hostile enchantments, quite stealthy
A: almost no armour, amphibious, 8 rings, constrict 8, camouflage 1, AC +1
a: Recite, Vitalisation, Imprison, Renounce Religion, Evoke Berserk Rage, Evoke
Teleportation


You were on level 1 of the Lair of Beasts.
You worshipped Zin.
Zin was greatly pleased with you.
You were very hungry.

You visited 2 branches of the dungeon, and saw 10 of its levels.
You also visited: Sewer.

You collected 586 gold pieces.
You spent 316 gold pieces at shops.
You donated 60 gold pieces.

Inventory:

Hand weapons
 e - a +0 blowgun
 r - a +0,+4 great mace
 F - the +6,+5 sling of Poolimao (weapon) {venom, rF++ Int+3 Stlth}
   (You found it on level 6 of the Dungeon)

   It poisons the ammo it fires.
   It affects your intelligence (+3).
   It greatly protects you from fire.
   It makes you more stealthy.
Missiles
 h - 15 poisoned needles
 l - 73 stones (quivered)
 w - a throwing net
 H - 45 sling bullets
 I - 19 sling bullets of frost
 J - 17 sling bullets of flame
 M - 2 curare-tipped needles
Magical devices
 c - a wand of enslavement (0)
 P - a wand of confusion (0) {unknown}
Comestibles
 b - an orange
 f - 4 bread rations
 g - an apple
 s - 3 pears
 x - 9 sultanas
 B - a choko
 O - a cheese
 S - a meat ration
Scrolls
 j - 5 scrolls of remove curse
 m - 2 scrolls of magic mapping
 o - a scroll of amnesia
 p - a scroll of blinking
 q - 4 scrolls of recharging
 u - 2 scrolls of teleportation
 y - a scroll of curse armour {unknown}
 A - 2 scrolls of fear
 C - a scroll of enchant armour {unknown}
 K - a scroll of immolation
 Q - a scroll of identify
Jewellery
 k - a ring of teleportation (on tentacle)
 n - a +3 ring of dexterity (left tentacle)
 v - a +5 ring of intelligence (on tentacle)
 E - a ring of protection from cold (right tentacle)
 N - an amulet of rage (around mantle)
 R - a +4 ring of intelligence (on tentacle)
Potions
 a - 4 potions of curing
 d - 3 potions of resistance
 i - a potion of restore abilities
 t - 2 potions of brilliance
Books
 z - a book of Clouds

   Spells                             Type                      Level
   *Mephitic Cloud                    Conjuration/Poison/Air       3
   Conjure Flame                      Conjuration/Fire             3
   Poisonous Cloud                    Conjuration/Poison/Air       6
   Freezing Cloud                     Conjuration/Ice/Air          6
   Ring of Flames                     Charms/Fire                  7
 D - a book of the Sky

   Spells                             Type                      Level
   Flight                             Charms/Air                   3
   *Airstrike                         Air                          4
   Silence                            Hexes/Air                    5
   Deflect Missiles                   Charms/Air                   6
   Conjure Ball Lightning             Conjuration/Air              7
   Tornado                            Air                          9
 G - a book of Envenomations

   Spells                             Type                      Level
   Spider Form                        Transmutation/Poison         3
   Poison Weapon                      Charms/Poison                3
   Summon Scorpions                   Summoning/Poison             4
   Olgreb's Toxic Radiance            Poison                       4
   Poisonous Cloud                    Conjuration/Poison/Air       6
 L - a book of Maledictions

   Spells                             Type                      Level
   Corona                             Hexes                        1
   Sure Blade                         Hexes/Charms                 2
   Ensorcelled Hibernation            Hexes/Ice                    2
   Confuse                            Hexes                        3
   Enslavement                        Hexes                        4
   Invisibility                       Hexes                        6


   Skills:
 - Level 5.4 Fighting
   Level 1.9 Short Blades
 * Level 9.7 Maces & Flails
 - Level 3.2 Dodging
 - Level 2.3 Stealth
 + Level 4.2 Air Magic
 + Level 5.0 Poison Magic
 + Level 6.8 Invocations
 - Level 5.2 Evocations


You had 2 spell levels left.
You knew the following spells:

 Your Spells              Type           Power        Failure   Level  Hunger
a - Mephitic Cloud        Conj/Pois/Air  ###.....     10%         3    ####...
b - Airstrike             Air            ####......   21%         4    #####..


Dungeon Overview and Level Annotations

Branches:
Dungeon (9/27)             Temple (0/1) D:6             Orc (0/4) D:8
   Lair (1/8) D:9

Altars:
Elyvilon
Fedhas
Trog
Zin
the Shining One
Beogh

Shops:
D:8 (

Annotations:
D:5 Dowan
D:7 teukkam's ghost, experienced DrCj
Lair:1 AndrewJacksonJihad's ghost, experienced SpAr


Innate Abilities, Weirdness & Mutations

You cannot wear most types of armour.
You are amphibious.
You can wear up to eight rings at the same time.
You can use your tentacles to constrict many enemies at once.
Your skin changes colour to match your surroundings (Stlth).
Your rubbery body absorbs attacks (AC +1).


Message History

Read which item? (? for menu, Esc to quit)
Okay, then.
Use which ability? (? or * to list)
You can't do that.
Put on which piece of jewellery? (? for menu, Esc to quit)
You feel slightly jumpy.
k - a ring of teleportation (on tentacle) Use which ability? (? or * to list)
You fail to use your ability.
The giant slug bites you!
Use which ability? (? or * to list)
Okay, then.
You feel a bit more experienced. The seven-headed hydra bites you!
The seven-headed hydra misses you. The seven-headed hydra bites you!
* * * LOW HITPOINT WARNING * * *
The seven-headed hydra bites you!
* * * LOW HITPOINT WARNING * * *
The seven-headed hydra closely misses you.
The seven-headed hydra bites you!
You die...

...................# #...######
...###..##.........# ##..# ...#
######.#P#....# #..# ...#
######...# #..# ...# ##...## #..#
...# ### #.....# #..#
...###.##### ##...######..#
........>..# #............######
j..........#####@................
.####..........D.................
.# ##..###.#P.................##
.# #...#####..######f........# .#
#..## #..# ##........## .# #..#
#..# #.....%.... .# #..# #...
............. .. .... ####.
.........##### .. #### #
........#


You could see a seven-headed hydra.

Vanquished Creatures
  Maurice (D:9)
  A komodo dragon (D:9)
  Eustachio (D:5)
  A vampire mosquito (D:7)
  A manticore (D:9)
  A porcupine (Lair:1)
  5 orc warriors
  3 centaurs
  2 ogres
  Duvessa (D:5)
  2 giant slugs
  6 giant frogs
  A crocodile (D:8)
  3 water moccasins (Lair:1)
  An eye of draining (D:9)
  7 wights (D:9)
  4 hounds
  8 crimson imps
  2 orc priests (D:8)
  2 quasits
  3 jellies
  7 orc wizards
  2 iguanas
  3 scorpions
  10 worker ants
  An ogre zombie (D:8)
  A big kobold skeleton (D:8)
  4 gnolls (D:4)
  A worker ant zombie (D:6)
  7 adders
  3 green rats
  A giant mite (D:3)
  8 worms
  An iguana zombie (D:9)
  An adder skeleton (D:6)
  A grey rat (D:3)
  5 giant geckos
  An ooze (D:1)
  28 orcs
  3 ball pythons
  14 bats
  A bat zombie (D:6)
  7 goblins
  8 hobgoblins
  4 quokkas
  8 giant cockroaches
  4 giant newts
  A giant spore (D:6)
  A hobgoblin skeleton (D:5)
  16 jackals
  18 kobolds
  An orc skeleton (D:7)
  18 rats
  3 ballistomycetes (D:6)
248 creatures vanquished.

Vanquished Creatures (collateral kills)
  An ogre (D:6)
  A goliath beetle (D:7)
  An orc priest (D:8)
  2 worker ants
  9 orcs
  A goblin (D:7)
  A hobgoblin (D:7)
  A giant spore (D:6)
  A hobgoblin skeleton (D:7)
18 creatures vanquished.

Vanquished Creatures (others)
  3 plants (D:9)
3 creatures vanquished.

Grand Total: 269 creatures vanquished

Notes
Turn   | Place    | Note
--------------------------------------------------------------
     0 | D:1      | M4edhros, the Octopode Artificer, began the quest for the Orb.
     0 | D:1      | Reached XP level 1. HP: 14/14 MP: 1/1
   292 | D:1      | Reached XP level 2. HP: 12/19 MP: 3/3
   764 | D:2      | Found a blossoming altar of Fedhas.
   903 | D:4      | Noticed an ogre
   916 | D:4      | Reached XP level 3. HP: 7/24 MP: 4/4
   925 | D:4      | Reached skill level 4 in Evocations
   925 | D:4      | Killed an ogre
   925 | D:4      | Reached XP level 4. HP: 9/29 MP: 4/6
  1367 | D:4      | Found a glowing silver altar of Zin.
  1441 | D:4      | Became a worshipper of Zin the Law-Giver
  1441 | D:4      | Acquired Zin's first power
  1464 | D:4      | Reached skill level 1 in Maces & Flails
  1464 | D:4      | Reached XP level 5. HP: 15/35 MP: 8/8
  1604 | D:4      | Upgraded the game from 0.13.0-7-g3df9ff1 to 0.13.0-9-gbc74161
  2190 | D:3      | Upgraded the game from 0.13.0-9-gbc74161 to 0.13.0-11-g0187522
  2322 | D:3      | Found a glowing drain.
  2331 | Sewer    | Entered a sewer
  2866 | Sewer    | Reached skill level 5 in Evocations
  2866 | Sewer    | Reached XP level 6. HP: 37/40 MP: 11/11
  5003 | D:5      | Entered Level 5 of the Dungeon
  5178 | D:5      | Acquired Zin's second power
  5296 | D:5      | Reached skill level 1 in Invocations
  5469 | D:5      | Reached XP level 7. HP: 18/45 MP: 13/13
  5699 | D:5      | Noticed Eustachio
  5781 | D:5      | Killed Eustachio
  5964 | D:5      | Noticed Duvessa
  5964 | D:5      | Noticed Dowan
  5971 | D:5      | Killed Duvessa
  6315 | D:5      | Reached skill level 5 in Maces & Flails
  6403 | D:6      | Reached XP level 8. HP: 30/52 MP: 15/15
  6768 | D:7      | Acquired Zin's third power
  6778 | D:7      | Reached skill level 6 in Maces & Flails
  7083 | D:6      | Learned a level 3 spell: Mephitic Cloud
  7207 | D:6      | Found a staircase to the Ecumenical Temple.
  7279 | D:6      | Reached skill level 5 in Fighting
  7362 | D:6      | Reached skill level 7 in Maces & Flails
  7859 | D:6      | Reached XP level 9. HP: 38/58 MP: 16/16
  8239 | D:7      | Reached skill level 5 in Invocations
  8277 | D:7      | Reached skill level 1 in Poison Magic
  8287 | D:7      | Learned a level 4 spell: Airstrike
  8447 | D:7      | Reached skill level 1 in Air Magic
  8548 | D:7      | Noticed teukkam's ghost (experienced DrCj)
  8797 | D:7      | Reached skill level 8 in Maces & Flails
  8891 | D:6      | Got a bloodstained sling
  8892 | D:6      | Identified the +6,+5 sling of Poolimao {venom, rF++ Int+3 Stlth} (You found it on level 6 of the Dungeon)
  9261 | D:8      | Found a staircase to the Orcish Mines.
  9450 | D:8      | Found a roughly hewn altar of Beogh.
  9966 | D:8      | Found Jinwosac's Antique Weapon Shop.
  9970 | D:8      | Bought a bloodstained halberd for 316 gold pieces
  9971 | D:8      | Identified the +10,+10 halberd "Bapt" {pain, rC++ Str-4} (You bought it in a shop on level 8 of the Dungeon)
 10844 | D:9      | Noticed Maurice
 10879 | D:9      | Killed Maurice
 10879 | D:9      | Reached skill level 9 in Maces & Flails
 10879 | D:9      | Reached XP level 10. HP: 45/64 MP: 13/19
 11102 | D:9      | Found a bloodstained altar of Trog.
 11102 | D:9      | Found a white marble altar of Elyvilon.
 12252 | D:9      | Found a staircase to the Lair.
 12253 | D:9      | Noticed a komodo dragon
 12296 | D:9      | Killed a komodo dragon
 12388 | Lair:1   | Entered Level 1 of the Lair of Beasts
 12402 | Lair:1   | Found a glowing golden altar of the Shining One.
 12596 | Lair:1   | Reached skill level 5 in Poison Magic
 12607 | Lair:1   | Noticed AndrewJacksonJihad's ghost (experienced SpAr)
 12728 | Lair:1   | Noticed a seven-headed hydra
 12758 | Lair:1   | HP: 1/64 [seven-headed hydra (15)]
 12758 | Lair:1   | Demolished by a seven-headed hydra

Action                   |  1- 3 |  4- 6 |  7- 9 | 10-12 || total
-------------------------+-------+-------+-------+-------++-------
Melee: Short sword       |    33 |     1 |       |       ||    34
       Great mace        |       |   131 |   209 |    75 ||   415
 Fire: Blowgun           |       |    16 |       |       ||    16
       Sling             |       |       |    77 |    91 ||   168
 Cast: Mephitic Cloud    |       |       |     8 |     6 ||    14
Invok: Recite            |       |     1 |    14 |     4 ||    19
       Vitalisation      |       |     1 |     4 |     3 ||     8
 Abil: Evoke Teleportati |       |     2 |     4 |     4 ||    10
       Evoke Berserk Rag |       |       |       |     1 ||     1
Evoke: Wand              |     8 |    12 |    13 |       ||    33
  Use: Potion            |       |    10 |     1 |       ||    11
       Scroll            |       |    15 |    14 |     5 ||    34
 Stab: Sleeping          |     4 |    12 |    15 |     2 ||    33
       Distracted        |     1 |       |     1 |     1 ||     3
